 Dungeon Crawl Stone Soup version 0.30-a0-989-g0d87f670db (webtiles) character file.

Game seed: 8912062592363623538

988 leviel the Cudgeller (level 8, 0/69 HPs)
             Began as a Hill Orc Fighter on Apr 4, 2023.
             Slain by a river rat (2 damage)
             ... summoned by Eustachio
             ... on level 5 of the Dungeon.
             The game lasted 00:06:54 (3783 turns).

leviel the Cudgeller (Hill Orc Fighter)             Turns: 3783, Time: 00:06:55

Health: 0/69       AC: 10    Str: 24 (27) XL:     8   Next: 18%
Magic:  8/8        EV: 10    Int:  7 (8)  God:
Gold:   246        SH:  4    Dex:  7 (10) Spells: 7/7 levels left

rFire   . . .      SeeInvis .    l - +1 morningstar (venom)
rCold   . . .      Faith    .    c - +0 buckler
rNeg    . . .      Spirit   .    b - +0 scale mail
rPois   +          Reflect  .    (no helmet)
rElec   .          Rampage  .    t - +2 cloak {rPois}
rCorr   .                        (no gloves)
Will    .....                    (no boots) Stlth
                                 (no amulet)
HPRegen 0.31/turn                i - +6 ring of strength
MPRegen 0.11/turn                (no ring)

@: no status effects
A: no striking features
a: no special abilities


You were on level 5 of the Dungeon.
You visited 1 branch of the dungeon, and saw 5 of its levels.

You collected 320 gold pieces.
You spent 74 gold pieces at shops.

Inventory:

Hand Weapons
 a - a +0 war axe
 l - a +1 morningstar of venom (weapon)
Missiles
 n - 3 throwing nets (quivered)
Armour
 b - a +0 scale mail (worn)
 c - a +0 buckler (worn)
 t - a +2 cloak of poison resistance (worn)
Jewellery
 i - a +6 ring of strength (left hand)
 s - a +6 ring of dexterity
Scrolls
 h - 2 scrolls of fog
 p - a scroll of silence
 u - 2 scrolls of fear
Potions
 d - a potion of might
 e - a potion of attraction
 f - a potion of resistance
 g - a potion of berserk rage
 j - a potion of haste {unknown}
 k - 4 potions of lignification
 m - a potion of magic {unknown}
 q - 2 potions of degeneration
 r - a potion of brilliance {unknown}
 v - a potion of invisibility {unknown}


   Skills:
 + Level 5.5 Fighting
 + Level 3.7(6.0) Axes
 + Level 6.0(6.4) Maces & Flails
 + Level 5.4 Armour
 + Level 2.1 Dodging
 + Level 0.3 Stealth
 + Level 4.7 Shields


You had 7 spell levels left.
You didn't know any spells.
Your spell library contained the following spells:

 Spells                   Type           Power      Damage    Failure   Level
 Sandblast                Erth           0%         2d4       80%         1
 Summon Small Mammal      Summ           0%         N/A       80%         1
 Passwall                 Tmut/Erth      0%         N/A       91%         2
 Call Canine Familiar     Summ           0%         N/A       99%         3
 Gell's Gravitas          Tloc           0%         N/A       99%         3
 Ignite Poison            Fire/Tmut/Pois 0%         N/A       99%         3
 Inner Flame              Hex/Fire       0%         N/A       99%         3
 Stone Arrow              Conj/Erth      0%         3d7       99%         3
 Summon Guardian Golem    Hex/Summ       0%         N/A       99%         3
 Teleport Other           Tloc           0%         N/A       99%         3
 Cause Fear               Hex            0%         N/A       100%        4
 Sticky Flame             Conj/Fire      0%         2d3       100%        4
 Dispersal                Tloc           0%         N/A       100%        6
 Dragon Form              Tmut           0%         N/A       100%        7
 Discord                  Hex            0%         N/A       100%        8
 Ignition                 Fire           0%         3d3       100%        8
 Dragon's Call            Summ           0%         N/A       100%        9


Dungeon Overview and Level Annotations

Branches:
Dungeon (5/15)
 Temple: D:4-7

Altars:
Xom

Shops:
D:2 (

Annotations:
D:5 3 runed translucent doors, Eustachio; benadryl's ghost, amateur KoHs; jtron's ghost, amateur DsWn


Message History

You have reached level 8!
You hit the black bear but do no damage.
Eustachio gestures wildly while chanting.
Eustachio blinks!
The black bear closely misses you. x2
The black bear barely misses you.
You sock the black bear!
The black bear is poisoned.
The black bear is moderately wounded.
The black bear bites you.
* * * LOW HITPOINT WARNING * * *
The black bear barely misses you.
The black bear claws you but does no damage.
You closely miss the black bear.
The black bear is moderately wounded.
The black bear bites you.
* * * LOW HITPOINT WARNING * * *
The black bear claws you but does no damage.
The black bear closely misses you.
You puncture the black bear!
The black bear looks as sick as possible!
The black bear is almost dead.
You block the black bear's attack. The black bear claws you.
* * * LOW HITPOINT WARNING * * *
The black bear claws you.
* * * LOW HITPOINT WARNING * * *
The black bear goes berserk!
The black bear attacks as you move away!
The black bear bites you but does no damage.
The black bear closely misses you. You block the black bear's attack.
You kill the black bear!
Your Maces & Flails skill increases to level 6!
Benadryl's ghost turns its malevolent gaze towards you.
Found a throwing net.
The river rat bites you.
* * * LOW HITPOINT WARNING * * *
The river rat bites you but does no damage.
It was a potion of degeneration.
There was something very wrong with that liquid.
You feel weakened.
You feel dopey.
You feel clumsy. The river rat bites you.
You die...

####♣⌠♣.##.......
#..#....8##).....
#..#..... ##..##.
##..+..... ##.###.
#...+..... #...###
#...+..... #.####.
#...#..... #...#..
#.r.#W...8 #......
#@###♣⌠♣(# ##.#...
#.r@###### ####.§.
###r†)...###....§.
####....#...#..§
##......###@§
##..#.###..O
#........§h
##.........
####....).


You could see Eustachio, benadryl's ghost, 2 river rats and a rat (summoned).

Vanquished Creatures
  A black bear (D:5)
  An ogre (D:5)
  A phantom (D:5)
  The ghost of monoptic the Sneak, an amateur SpEn (D:3)
  A scorpion (D:5)
  4 wights (D:5)
  A gnoll bouda (D:4)
  2 iguanas
  A sleepcap (D:5)
  14 gnolls (D:4)
  11 adders
  A worm (D:2)
  A dart slug (D:1)
  3 orcs
  6 endoplasms
  4 giant cockroaches
  4 goblins
  6 hobgoblins
  4 jackals (D:2)
  6 quokkas
  4 ball pythons
  5 bats
  A frilled lizard (D:2)
  7 kobolds
  6 rats
96 creatures vanquished.

Vanquished Creatures (others)
  11 plants
11 creatures vanquished.

Grand Total: 107 creatures vanquished

Notes
Turn   | Place    | Note
-------+----------+-------------------------------------------
     0 | D:1      | leviel the Hill Orc Fighter began the quest for the Orb.
     0 | D:1      | Reached XP level 1. HP: 19/19 MP: 1/1
   203 | D:1      | Reached XP level 2. HP: 27/27 MP: 2/2
   759 | D:2      | Found a shimmering altar of Xom.
   805 | D:2      | Reached XP level 3. HP: 32/33 MP: 3/3
   985 | D:2      | Found Naebivei's Weapon Shoppe.
   993 | D:2      | Bought a +0 morningstar of venom for 74 gold pieces
  1072 | D:2      | Reached XP level 4. HP: 40/40 MP: 4/4
  1994 | D:3      | Reached skill level 1 in Maces & Flails
  2034 | D:3      | Found a runed translucent door.
  2034 | D:3      | Noticed monoptic's ghost (amateur SpEn)
  2215 | D:3      | Killed monoptic's ghost
  2216 | D:3      | Reached skill level 1 in Dodging
  2216 | D:3      | Reached XP level 5. HP: 46/47 MP: 5/5
  2252 | D:4      | Reached skill level 2 in Maces & Flails
  2606 | D:4      | Reached XP level 6. HP: 52/53 MP: 6/6
  2775 | D:4      | Reached skill level 3 in Maces & Flails
  3651 | D:5      | Entered Level 5 of the Dungeon
  3681 | D:5      | Reached skill level 4 in Maces & Flails
  3681 | D:5      | Reached XP level 7. HP: 60/60 MP: 7/7
  3685 | D:5      | Reached skill level 5 in Fighting
  3692 | D:5      | Reached skill level 5 in Armour
  3695 | D:5      | Noticed Eustachio
  3737 | D:5      | Reached skill level 5 in Maces & Flails
  3772 | D:5      | Reached XP level 8. HP: 14/69 MP: 8/8
  3778 | D:5      | Reached skill level 6 in Maces & Flails
  3778 | D:5      | Found a runed translucent gate.
  3778 | D:5      | Found a runed translucent gate.
  3778 | D:5      | Found a runed translucent gate.
  3778 | D:5      | Noticed benadryl's ghost (amateur KoHs)
  3779 | D:5      | Noticed jtron's ghost (amateur DsWn)
  3782 | D:5      | HP: 2/69 [river rat[Eustachio] (6)]
  3783 | D:5      | Slain by a river rat

Illustrated notes

Levels and vault maps discovered:
D:1:      reono_arrival_forest_river, layout_basic, serial_bayou_pond_d
D:2:      layout_rooms, basic_altar, serial_shops, shop, st_stairs_13,
          minmay_cupped
D:3:      layout_basic, hellmonk_ghost_happy_afterlife, reono_crystal_passage
D:4:      wad_woods_tower, layout_basic, corexii_item_surrounded_by_moat
D:5:      layout_cave_pools, tgw_trog, gup_sewer_entry_spiral,
          gammafunk_ghost_cemetery, uniq_eustachio

Skill      XL: |  1  2  3  4  5  6  7  8 |
---------------+-------------------------+-----
Axes           | 3 |  3.7
Fighting       | 4 5 |  5.5
Maces & Flails | 1 2 4 5 6 |  6.0
Armour         | 4 5 |  5.4
Dodging        | 1 2 |  2.1
Shields        | 4 |  4.7
Stealth        | |  0.3

Action                     |  1- 3 |  4- 6 |  7- 9 || total
---------------------------+-------+-------+-------++-------
  Melee: War axe           |    62 |       |       ||    62
         Morningstar       |     9 |   153 |    55 ||   217
    Use: Scroll            |     3 |     7 |       ||    10
         Potion            |       |     3 |     3 ||     6
 Armour: Scale mail        |    26 |    89 |    57 ||   172
         Skin              |       |     7 |       ||     7
  Dodge: Dodged            |    43 |    89 |    56 ||   188
  Block: Buckler           |    17 |    47 |    25 ||    89

Table legend: (Time is in decaauts)
 A = Elapsed time spent in this place.
 B = Non-inter-level travel time spent in this place.
 C = Inter-level travel time spent in this place.
 D = Time resting spent in this place.
 E = Time spent auto-exploring this place.
 F = Levels seen in this place.
 G = Mean time per level.
                   A        B        C        D        E       F      G
               +--------+--------+--------+--------+--------+-----+--------+
         Total |   3899 |   3819 |     80 |    708 |   2346 |   5 |  779.8 |
       Dungeon |   3899 |   3819 |     80 |    708 |   2346 |   5 |  779.8 |
               +--------+--------+--------+--------+--------+-----+--------+

Top non-repeatable levels by time:
     D:4: 1454 daAuts
     D:2: 969 daAuts
     D:3: 707 daAuts
     D:1: 621 daAuts
     D:5: 146 daAuts
